 Dungeon Crawl Stone Soup version 0.31-a0-986-g5e6e4ef867 (webtiles) character file.

Game seed: 5196015572622420735

56 mandarbmax the Trooper (level 3, 0/42 HPs)
             Began as an Ogre Cinder Acolyte on Nov 13, 2023.
             Was a High Priest of Ignis.
             Slain by a worm (8 damage)
             ... on level 2 of the Dungeon.
             The game lasted 00:02:55 (1067 turns).

mandarbmax the Trooper (Ogre Cinder Acolyte)        Turns: 1067, Time: 00:02:55

Health: 0/42       AC:  7    Str: 20    XL:     3   Next: 97%
Magic:  0/5        EV:  9    Int: 15    God:    Ignis [*****.]
Gold:   38         SH:  0    Dex:  4    Spells: 3/5 levels left

rFire   + . .        a - -1 mace (flame)
rCold   . . .        (no shield)
rNeg    . . .        b - +0 robe
rPois   +            (helmet restricted)
rElec   .            (no cloak)
rCorr   .            (gloves unavailable)
SInv    .            (boots unavailable)
Will    .....        (no amulet)
Stlth   +            d - ring of poison resistance
HPRegen 0.27/turn    h - +4 ring of protection
MPRegen 0.09/turn

%: no passive effects
@: no status effects
A: large, unfitting armour, tough skin 1
a: Renounce Religion, Fiery Armour, Foxfire Swarm, Rising Flame


You were on level 2 of the Dungeon.
You worshipped Ignis.
Ignis was extremely pleased with you.
You visited 1 branch of the dungeon, and saw 2 of its levels.

You collected 38 gold pieces.

Inventory:

Hand Weapons
 a - a -1 mace of flaming (weapon)
Missiles
 f - 15 stones
Armour
 b - a +0 robe (worn)
Jewellery
 d - a ring of poison resistance (left hand)
 h - a +4 ring of protection (right hand)
Scrolls
 c - 3 scrolls of teleportation {unknown}
 e - a scroll of poison {unknown}
 g - a scroll of vulnerability {unknown}


   Skills:
 + Level 5.0 Fighting
 + Level 3.4 Maces & Flails
 + Level 1.6 Spellcasting
 + Level 2.8 Fire Magic


You had 3 spell levels left.
You knew the following spells:

 Your Spells              Type           Power      Damage    Failure   Level
a - Scorch                Fire           18%        2d5       11%         2

Your spell library contained the following spells:

 Spells                   Type           Power      Damage    Failure   Level
 Ozocubu's Armour         Ice            1%         N/A       56%         3
 Ozocubu's Refrigeration  Ice            0%         4d7       100%        7


Dungeon Overview and Level Annotations

Branches:
Dungeon (2/15)

Altars:

Shops:
D:1 *


Innate Abilities, Weirdness & Mutations

You are too large for most types of armour.
You have tough skin. (AC +1)


Message History

You barely miss the adder.
The adder is heavily wounded.
The adder bites you. The adder barely misses you.
You thump the adder! You burn the adder.
You kill the adder!
The kobold hits you but does no damage.
You hit the kobold. You burn the kobold.
You kill the kobold!
A hobgoblin comes into view.
The hobgoblin shouts!
The worm bites you.
Items here: ( )) [ ††.
You completely miss the worm. The worm bites you!
You sock the worm! You burn the worm.
The worm is heavily wounded.
Flames lash the hobgoblin.
The hobgoblin is almost dead.
The hobgoblin's fire resistance burns away.
The worm barely misses you.
You hit the worm but do no damage.
The worm is heavily wounded.
The worm bites you!
You are too injured to fight recklessly!
You are too injured to fight recklessly!
You are too injured to fight recklessly!
You are too injured to fight recklessly!
You barely miss the worm.
The worm is heavily wounded.
You barely miss the worm.
The worm is heavily wounded.
The hobgoblin is no longer more vulnerable to fire.
The worm bites you.
You barely miss the worm.
The worm is heavily wounded.
The worm bites you!
* * * LOW HITPOINT WARNING * * *
You hit the worm. You burn the worm.
The worm is almost dead.
The worm bites you!
You die...

..##†.......... #
..
######.#######..
.# #.........# ..
### ##..###### .##
#... #..# ...
#.... ##.# ###.#
#.....#..## #...#
###......# #.#
...<......## #@#
......##.†>#####w#
# .r....
#...)....g######..
.....
#####....>........
.....
####..##..... ....
##.#...... ....
#...# #.# #..## .
#K.#


You could see a worm and a hobgoblin.

Vanquished Creatures
  2 adders (D:2)
  An orc (D:2)
  3 ball pythons (D:1)
  A bat (D:1)
  2 endoplasms
  2 giant cockroaches
  A goblin (D:1)
  2 hobgoblins (D:1)
  4 jackals (D:1)
  4 kobolds
  4 quokkas
  3 frilled lizards (D:1)
  4 rats
33 creatures vanquished.

Notes
Turn   | Place    | Note
-------+----------+-------------------------------------------
     0 | D:1      | mandarbmax the Ogre Cinder Acolyte began the quest for the
                  | Orb.
     0 | D:1      | Reached XP level 1. HP: 24/24 MP: 2/2
    46 | D:1      | Found Debukogg's Assorted Antiques.
   236 | D:1      | Reached XP level 2. HP: 32/33 MP: 3/3
   410 | D:1      | Learned a level 2 spell: Scorch
   500 | D:1      | Reached XP level 3. HP: 40/40 MP: 1/4
  1054 | D:2      | Reached skill level 5 in Fighting
  1067 | D:2      | Slain by a worm

Illustrated notes

Levels and vault maps discovered:
D:1:      dpeg_arrival_long_road, layout_basic, serial_shops,
          nicolae_shop_tiny_statue_garden
D:2:      minmay_razor_zed, layout_rooms, minmay_box_of_dots

Skill      XL: |  1  2  3 |
---------------+----------+-----
Maces & Flails | 3 |  3.4
Fighting       | 5 |  5.0
Spellcasting   | |  1.6
Fire Magic     | |  2.8

Action                     || total
---------------------------++-------
  Melee: Mace              ||    90
         Punch             ||     1
   Cast: Scorch            ||    14
 Armour: Robe              ||    75
  Dodge: Dodged            ||    47

Table legend: (Time is in decaauts)
 A = Elapsed time spent in this place.
 B = Non-inter-level travel time spent in this place.
 C = Inter-level travel time spent in this place.
 D = Time resting spent in this place.
 E = Time spent auto-exploring this place.
 F = Levels seen in this place.
 G = Mean time per level.
                   A        B        C        D        E       F      G
               +--------+--------+--------+--------+--------+-----+--------+
         Total |   1087 |   1067 |     20 |      0 |    837 |   2 |  543.5 |
       Dungeon |   1087 |   1067 |     20 |      0 |    837 |   2 |  543.5 |
               +--------+--------+--------+--------+--------+-----+--------+

Top non-repeatable levels by time:
     D:1: 929 daAuts
     D:2: 158 daAuts
